 Dungeon Crawl Stone Soup version 0.30.0-20-g3615ddf2f0 (webtiles) character file.

Game seed: 3164577852263407044

566 qw the Chopper (level 7, -8/44 HPs)
             Began as a Gargoyle Fighter on May 29, 2023.
             Mangled by an ogre
             ... wielding a +0 giant spiked club
              (16 damage)
             ... on level 4 of the Dungeon.
             The game lasted 00:01:53 (3586 turns).

qw the Chopper (Gargoyle Fighter)                   Turns: 3586, Time: 00:01:53

Health: -8/44      AC: 18    Str: 22    XL:     7   Next: 32%
Magic:  7/7        EV:  8    Int:  8    God:
Gold:   166        SH:  4    Dex:  9    Spells: 6/6 levels left

rFire   . . .        Y - +0 war axe
rCold   . . .        c - +0 buckler
rNeg    + . .        m - +0 chain mail
rPois   inf          f - +2 helmet
rElec   +            (no cloak)
rCorr   .            (no gloves)
SInv    .            j - +0 pair of boots
Will    .....        (no amulet) Stlth
                     (no ring)
HPRegen 0.27/turn    (no ring)
MPRegen 0.10/turn

%: no passive effects
@: no status effects
A: sickness immunity, AC +4, negative energy resistance 1, electricity
resistance, torment resistance 1, petrification resistance
a: no special abilities


You were on level 4 of the Dungeon.
You visited 1 branch of the dungeon, and saw 4 of its levels.

You collected 166 gold pieces.


Innate Abilities, Weirdness & Mutations

You are immune to sickness and miasma.
Your stone body is resilient. (AC +4)
You are immune to poison.
You resist negative energy. (rN+)
You are resistant to electric shocks. (rElec)
You are resistant to unholy torment.
You are immune to petrification.


   Skills:
 - Level 4.5 Fighting
 + Level 6.5 Axes
 - Level 3.2 Armour
 - Level 1.0 Dodging
 - Level 3.2 Shields


You had 6 spell levels left.
You didn't know any spells.
Your spell library was empty.

Inventory:

Hand Weapons
 l - a +0 flail
 Y - a +0 war axe (weapon)
Missiles
 k - 7 boomerangs (quivered)
Armour
 c - a +0 buckler (worn)
 f - a +2 helmet (worn)
 j - a +0 pair of boots (worn)
 m - a +0 chain mail (worn)
Scrolls
 a - a scroll of identify
Potions
 b - a potion of magic {unknown}
 d - a potion of might
 e - a potion of mutation {unknown}
 g - a potion of heal wounds {unknown}
 h - a potion of flight {unknown}
 i - a potion of invisibility {unknown}
 o - 2 potions of berserk rage {unknown}

Dungeon Overview and Level Annotations

Branches:
Dungeon (4/15)
 Temple: D:4-7

Altars:
Xom

Shops:
D:2 =

Annotations:
D:4 3 runed translucent doors, qw's ghost, novice GrCA


Message History

Enter note:
Enter note:
Enter note:
Enter note: The adder closely misses you.
You miss the adder.
An endoplasm comes into view.
The adder barely misses you.
You miss the adder.
The endoplasm quivers.
The adder closely misses you. The adder bites you but does no damage.
You miss the adder. The adder barely misses you.
You hit the adder.
The adder is moderately wounded.
The adder bites you but does no damage. The adder barely misses you.
You miss the adder.
The adder is moderately wounded.
The adder barely misses you.
You slash the adder!
You kill the adder!
You slash the ogre!
The ogre is heavily wounded.
The ogre closely misses you.
You barely miss the ogre.
The ogre is heavily wounded.
The ogre hits you with a +0 giant spiked club!
You barely miss the ogre.
The ogre is heavily wounded.
The ogre hits you with a +0 giant spiked club!!
Ouch! That really hurt!
You barely miss the ogre.
The ogre is heavily wounded.
The ogre hits you but does no damage.
You hit the ogre but do no damage.
The ogre is heavily wounded.
You hit the ogre.
The ogre is severely wounded.
The ogre hits you with a +0 giant spiked club!
You die...

...........####)#.##
.................##
#.######.######### #.#
#.# #.######.#
.#....##### ###########
#.#####...###..%......#
....###.8.'#..%#......#
###..##..)#...##@.....#
##..#...#..##O...###..
##.).8.+###J#...#
###...# #..#...#
#...#..# +###. #.8.+##
.. #...# ... ##### ###


You could see an ogre and an endoplasm.

Vanquished Creatures
  An ogre (D:4)
  2 phantoms (D:4)
  A kobold brigand (D:4)
  Ijyb (D:4)
  Terence (D:2)
  An orc wizard (D:4)
  8 adders
  2 worms (D:2)
  2 dart slugs
  3 orcs (D:4)
  7 ball pythons
  11 endoplasms
  7 giant cockroaches
  10 goblins
  10 hobgoblins
  2 jackals (D:1)
  12 kobolds
  3 quokkas
  8 bats
  3 frilled lizards
  10 rats
105 creatures vanquished.

Notes
Turn   | Place    | Note
-------+----------+-------------------------------------------
     0 | D:1      | qw the Gargoyle Fighter began the quest for the Orb.
     0 | D:1      | Reached XP level 1. HP: 14/14 MP: 1/1
     0 | D:1      | 0 ||| qw: Version: 0.2-a-102-g2b76a06
     0 | D:1      | 0 ||| qw: Game counter: 439
     0 | D:1      | 0 ||| qw: Always use a shield: true
     0 | D:1      | 0 ||| qw: God list: Okawaru
     0 | D:1      | 0 ||| qw: Allow faded altars: false
     0 | D:1      | 0 ||| qw: Do Orc after D:15 true
     0 | D:1      | 0 ||| qw: Do second Lair branch before Depths: true
     0 | D:1      | 0 ||| qw: Lair rune preference: random
     0 | D:1      | 0 ||| qw: Plans: Normal, Zot:1-4, Slime:5, God:TSO, Crypt,
                  | Tomb, Pan, Hells, Abyss, Win
     0 | D:1      | 0 ||| PLANNING D:1-11
   122 | D:1      | Reached skill level 2 in Axes
   254 | D:1      | Reached XP level 2. HP: 19/19 MP: 2/2
   348 | D:1      | 348 ||| Stepping ~*~*~tactically~*~*~ (hiding).
   382 | D:1      | 382 ||| Stepping ~*~*~tactically~*~*~ (stealth).
   630 | D:1      | Reached skill level 3 in Axes
   756 | D:1      | 756 ||| Stepping ~*~*~tactically~*~*~ (stealth).
   762 | D:1      | Reached XP level 3. HP: 23/23 MP: 3/3
   770 | D:1      | 770 ||| Stepping ~*~*~tactically~*~*~ (hiding).
   933 | D:1      | 933 ||| READING 2 scrolls labelled UXKUOSH PURUHURU.
   934 | D:1      | 934 ||| READING scroll labelled OHYUTS SACYIPT.
   935 | D:1      | 935 ||| READING 2 scrolls labelled JAOSES HEODEI.
  1068 | D:2      | Found Leno's Jewellery Shoppe.
  1078 | D:2      | 1078 ||| SHOPLISTING ring of resist corrosion (220 gold,
                  | have 27).
  1078 | D:2      | 1078 ||| SHOPLISTING ring of willpower (275 gold, have 27).
  1276 | D:2      | Noticed Terence
  1285 | D:2      | Killed Terence
  1286 | D:2      | Reached skill level 4 in Axes
  1286 | D:2      | Reached XP level 4. HP: 8/28 MP: 4/4
  1315 | D:2      | 1315 ||| FLEEEEING.
  1374 | D:2      | 1374 ||| Stepping ~*~*~tactically~*~*~ (stealth).
  1736 | D:2      | 1736 ||| UPGRADING to +0 helmet.
  1741 | D:2      | 1741 ||| UPGRADING to +0 chain mail.
  1751 | D:2      | 1751 ||| DROPPING +0 scale mail.
  1752 | D:2      | 1752 ||| READING scroll of enchant armour.
  1752 | D:2      | 1752 ||| ENCHANTING +0 helmet.
  1753 | D:2      | 1753 ||| READING scroll labelled IGE PU SUESIUWN.
  1754 | D:2      | 1754 ||| READING scroll labelled KAOTIJ PAINA.
  1755 | D:2      | 1755 ||| DRINKING 2 glowing orange potions.
  1756 | D:2      | 1756 ||| DROPPING potion of degeneration.
  1873 | D:3      | Reached XP level 5. HP: 28/32 MP: 5/5
  1919 | D:3      | 1919 ||| Stepping ~*~*~tactically~*~*~ (hiding).
  1920 | D:3      | 1920 ||| Stepping ~*~*~tactically~*~*~ (hiding).
  1921 | D:3      | 1921 ||| Stepping ~*~*~tactically~*~*~ (hiding).
  2034 | D:3      | Found a shimmering altar of Xom.
  2130 | D:3      | 2130 ||| Stepping ~*~*~tactically~*~*~ (hiding).
  2222 | D:3      | 2222 ||| Stepping ~*~*~tactically~*~*~ (stealth).
  2223 | D:3      | 2223 ||| Stepping ~*~*~tactically~*~*~ (stealth).
  2225 | D:3      | 2225 ||| Stepping ~*~*~tactically~*~*~ (stealth).
  2265 | D:3      | 2265 ||| READING scroll of enchant armour.
  2265 | D:3      | 2265 ||| ENCHANTING +1 helmet.
  2328 | D:3      | 2328 ||| Stepping ~*~*~tactically~*~*~ (hiding).
  2345 | D:3      | 2345 ||| Stepping ~*~*~tactically~*~*~ (stealth).
  2512 | D:3      | 2512 ||| UPGRADING to +0 pair of boots.
  2517 | D:3      | 2517 ||| READING scroll labelled OCZYIN PAIFA.
  2586 | D:4      | Noticed Ijyb
  2586 | D:4      | Noticed a phantom
  2587 | D:4      | 2587 ||| Stepping ~*~*~tactically~*~*~ (stealth).
  2595 | D:4      | HP: 8/32 [constriction (2)]
  2600 | D:4      | HP: 4/32 [Ijyb/+0 dagger (3)]
  2602 | D:4      | Killed Ijyb
  2603 | D:4      | Reached skill level 5 in Axes
  2605 | D:4      | HP: 3/32 [phantom (2)]
  2620 | D:4      | Killed a phantom
  2621 | D:4      | Reached XP level 6. HP: 8/39 MP: 6/6
  2922 | D:4      | Noticed a water moccasin
  2923 | D:4      | Found a runed translucent gate.
  2923 | D:4      | Found a runed translucent gate.
  2923 | D:4      | Found a runed translucent gate.
  2924 | D:4      | Noticed qw's ghost (novice GrCA)
  2957 | D:4      | 2957 ||| Stepping ~*~*~tactically~*~*~ (hiding).
  2959 | D:4      | 2959 ||| Stepping ~*~*~tactically~*~*~ (hiding).
  2960 | D:4      | 2960 ||| Stepping ~*~*~tactically~*~*~ (hiding).
  2962 | D:4      | 2962 ||| Stepping ~*~*~tactically~*~*~ (hiding).
  2981 | D:4      | 2981 ||| DROPPING +0 whip.
  2995 | D:4      | Reached skill level 6 in Axes
  3014 | D:4      | Reached XP level 7. HP: 36/44 MP: 7/7
  3143 | D:4      | Reached skill level 1 in Dodging
  3191 | D:4      | HP: 11/44 [ogre/+0 giant spiked club (8)]
  3530 | D:4      | 3530 ||| Stepping ~*~*~tactically~*~*~ (stealth).
  3537 | D:4      | 3537 ||| Stepping ~*~*~tactically~*~*~ (stealth).
  3583 | D:4      | HP: 7/44 [ogre/+0 giant spiked club (30)]
  3586 | D:4      | Mangled by an ogre

Levels and vault maps discovered:
D:1:      sevenhm_arrival_forest_fort_large_1, layout_basic
D:2:      layout_basic, serial_shops, nicolae_square_shop,
          kennysheep_generic_room_16, uniq_terence
D:3:      layout_rooms, nicolae_overflow_crystal_walls, lexackson_kobold_supper
D:4:      minmay_chambers_of_threes, layout_loops_ring, gammafunk_ghost_split,
          uniq_ijyb

Skill      XL: |  1  2  3  4  5  6  7 |
---------------+----------------------+-----
Axes           | 2 3 4 5 6 |  6.5
Fighting       | 4 |  4.5
Dodging        | 1 |  1.0
Armour         | |  3.2
Shields        | |  3.2

Action                     |  1- 3 |  4- 6 |  7- 9 || total
---------------------------+-------+-------+-------++-------
  Melee: War axe           |    87 |   166 |    69 ||   322
  Throw: Boomerang         |    21 |    54 |     6 ||    81
    Use: Scroll            |     3 |     5 |       ||     8
         Potion            |       |     1 |       ||     1
 Armour: Scale mail        |    41 |    15 |       ||    56
         Chain mail        |       |    75 |    39 ||   114
  Dodge: Dodged            |    30 |    56 |    29 ||   115
  Block: Buckler           |     6 |    30 |     9 ||    45

Table legend:
 A = Non-vault XP
 B = Vault XP
 C = Vault XP percentage of total XP
 D = Non-vault monster count
 E = Vault monster count
 F = Vault count percentage of total count
                 A         B        C        D         E       F
            +---------+---------+-------+---------+---------+-------
      Total |     659 |     150 |  18.5 |      81 |      24 |  22.9
            +---------+---------+-------+---------+---------+-------
        D:1 |      47 |       3 |   6.0 |      26 |       3 |  10.3
        D:2 |      50 |      53 |  51.5 |      18 |       5 |  21.7
        D:3 |      38 |      10 |  20.8 |      16 |       8 |  33.3
        D:4 |     524 |      84 |  13.8 |      21 |       8 |  27.6
            +---------+---------+-------+---------+---------+-------
